 Dungeon Crawl Stone Soup version 0.30-a0-793-g160f7cfddd (webtiles) character file.

Game seed: 9732543318022529766

1729 PriceMaster the Magician (level 8, -14/58 HPs)
             Began as a Purple Draconian Fire Elementalist on Feb 16, 2023.
             Was a Priest of Lugonu.
             Demolished by an ogre
             ... wielding a +0 antimagic giant club
              (25 damage)
             ... on level 6 of the Dungeon on Feb 19, 2023.
             The game lasted 00:18:04 (8265 turns).

PriceMaster the Magician (DrFE)                     Turns: 8265, Time: 00:18:04

Health: -14/58     AC:  6    Str: 10    XL:     8   Next: 76%
Magic:  0/21       EV: 12    Int: 19    God:    Lugonu [***...]
Gold:   382        SH:  5    Dex:  9    Spells: 14/22 levels left

rFire   . . .      SeeInvis .    C - +6 dire flail (heavy)
rCold   . . .      Faith    .    (shield currently unavailable)
rNeg    . . .      Spirit   .    (body armour unavailable)
rPois   +          Reflect  +    (helmet restricted)
rElec   .          Harm     .    (no cloak)
rCorr   .          Rampage  .    (no gloves)
Will    ++...                    (no boots)
Stlth   +++                      h - amulet of reflection
HPRegen 0.29/turn                a - ring of willpower
MPRegen 0.17/turn                (no ring)

@: no status effects
A: breathe power, AC +6, unfitting armour, cold-blooded, camouflage 1, clumsy 1,
high MP 1, poison resistance
a: Breathe Dispelling Energy, Renounce Religion, Depart the Abyss, Banish


You were on level 6 of the Dungeon.
You worshipped Lugonu.
Lugonu was most pleased with you.
You visited 1 branch of the dungeon, and saw 6 of its levels.
You also visited: Sewer.

You collected 382 gold pieces.

Inventory:

Hand Weapons
 e - a +0 short sword
 k - a +0 spear
 o - a +3 dagger of venom
 v - a +0 falchion of protection
 w - a +4 short sword
 C - a +6 heavy dire flail (weapon)
 D - a +7 battleaxe
 E - a +0 war axe of electrocution
Missiles
 b - 4 javelins (quivered)
Jewellery
 a - a ring of willpower (left hand)
 h - an amulet of reflection (around neck)
Scrolls
 c - a scroll of amnesia
 d - a scroll of vulnerability
 g - a scroll of immolation {unknown}
 j - a scroll of blinking {unknown}
 l - 3 scrolls of fear {unknown}
 n - 2 scrolls of teleportation {unknown}
 p - 6 scrolls of identify
 q - 3 scrolls of enchant armour
 r - a scroll of silence {unknown}
 x - 2 scrolls of enchant weapon
 y - 2 scrolls of magic mapping {unknown}
Potions
 f - 4 potions of heal wounds
 i - 4 potions of flight
 m - 6 potions of curing
 s - a potion of cancellation {unknown}
 t - a potion of resistance {unknown}
 u - 2 potions of invisibility {unknown}
 z - a potion of lignification {unknown}
 A - a potion of might {unknown}
 B - a potion of haste {unknown}


   Skills:
 + Level 0.4 Fighting
 + Level 0.4 Short Blades
 + Level 2.4 Dodging
 + Level 3.2 Stealth
 + Level 0.5 Shields
 + Level 7.9 Spellcasting
 + Level 4.1 Conjurations
 + Level 0.5 Translocations
 + Level 7.5 Fire Magic


You had 14 spell levels left.
You knew the following spells:

 Your Spells              Type           Power      Damage    Failure   Level
a - Foxfire               Conj/Fire      100%       2x1d9     1%          1
b - Scorch                Fire           72%        2d9       1%          2
c - Momentum Strike       Conj/Tloc      32%        3d8       5%          2
d - Inner Flame           Hex/Fire       21%        N/A       6%          3

Your spell library contained the following spells:

 Spells                   Type           Power      Damage    Failure   Level
 Magic Dart               Conj           92%        1d7       1%          1
 Kindle Blastsparks       Fire/Tloc/Air  34%        2d12      9%          3
 Flame Wave               Conj/Fire      29%        2d9       9%          4
 Freeze                   Ice            28%        1d5       10%         1
 Necrotise                Necr           28%        1d5       10%         1
 Blink                    Tloc           18%        N/A       11%         2
 Lesser Beckoning         Tloc           18%        N/A       11%         2
 Hailstorm                Conj/Ice       15%        3d5       12%         3
 Call Imp                 Summ           7%         N/A       14%         2
 Mephitic Cloud           Conj/Pois/Air  12%        N/A       16%         3
 Portal Projectile        Hex/Tloc       16%        N/A       24%         3
 Fireball                 Conj/Fire      14%        3d8       24%         5
 Tukima's Dance           Hex            7%         N/A       26%         3
 Frozen Ramparts          Ice            14%        1d3       28%         3
 Vampiric Draining        Necr           7%         2d6       28%         3
 Starburst                Conj/Fire      14%        6d6       78%         6
 Agony                    Necr           7%         N/A       95%         5
 Blade Hands              Tmut           3%         N/A       95%         5


Dungeon Overview and Level Annotations

Branches:
Dungeon (6/15)             Temple (0/1) D:4           Sewer (visited)

Altars:
Nemelex Xobeh
Qazlal
Ru
Trog
Xom
Yredelemnul
The Shining One
Lugonu

Shops:
D:5 (([


Innate Abilities, Weirdness & Mutations

You can breathe bolts of dispelling energy.
Your rich purple scales are hard. (AC +6)
You cannot fit into any form of body armour.
You are cold-blooded and may be slowed by cold attacks.
Your skin changes colour to match your surroundings (Stealth+).
You are clumsy. (Dex -2)
You have an increased reservoir of magic. (+10% MP)
Your system is resistant to poisons. (rPois)


Message History

Flames lash the ogre.
The ogre is moderately wounded.
The ogre's fire resistance burns away.
You block the kobold brigand's attack.
Casting: Scorch (safe; 1% risk of failure)
Confirm with . or Enter, or press ? or * to list all spells.
Flames lash the ogre.
The ogre is burned terribly!
The ogre is heavily wounded.
The ogre barely misses you.
The kobold brigand hits you but does no damage.
Casting: Scorch (safe; 1% risk of failure)
Confirm with . or Enter, or press ? or * to list all spells.
You don't know that spell.
You cannot move.
Casting: Scorch (safe; 1% risk of failure)
Confirm with . or Enter, or press ? or * to list all spells.
You don't have enough magic to cast this spell.
Casting: Scorch (safe; 1% risk of failure)
Confirm with . or Enter, or press ? or * to list all spells.
You don't have enough magic to cast this spell.
You hit the kobold brigand but do no damage.
The kobold brigand is almost dead.
The kobold brigand is no longer more vulnerable to fire.
The kobold brigand hits you but does no damage.
You block the ogre's attack. The kobold brigand misses you.
You barely miss the kobold brigand.
The kobold brigand is almost dead.
The ogre misses you.
The kobold brigand hits you with a +0 rapier.
The kobold brigand hits you but does no damage.
You sock the kobold brigand!
You kill the kobold brigand!
Lugonu accepts your kill.
You are no longer robbed of momentum.
You block the ogre's attack.
The ogre hits you with a +0 antimagic giant spiked club!!
Ouch! That really hurt!
* * * LOW HITPOINT WARNING * * *
You feel your power leaking away.
The ogre hits you with a +0 antimagic giant club!!
You die...

#.............###.......
#.............# ##.###..
#.#####...##### #.# #..
#.# #..##...# ##.###..
#.# #..#.8... #....#..
#.# #........ #.......
#.# #......._ #.......
#.# #OO...... ####.#.#
#.# #@# #.#.# #.# ##.##
#[###.#.# #.####...####
#.(...... #......#..<.#
#####.... ######.ยง.####
#.### ##.## #.# #.# #.#
#.. #.# #### .#.


You could see 2 ogres.

Vanquished Creatures
  Sigmund (D:2)
  A yak (D:5)
  Menkaure (D:6)
  Edmund (D:6)
  2 ice beasts (D:5)
  A black bear (D:5)
  2 ogres (D:5)
  A centaur (D:5)
  A kobold brigand (D:6)
  Blork the orc (D:6)
  A scorpion (D:4)
  A wight (D:6)
  4 jellies
  2 iguanas (D:5)
  An orc wizard (D:3)
  13 adders
  A gnoll (D:1)
  6 river rats (Sewer)
  A white imp (D:6)
  2 worms
  A dart slug (D:2)
  11 orcs
  11 ball pythons
  11 endoplasms
  4 giant cockroaches
  5 goblins
  8 hobgoblins
  2 jackals (Sewer)
  8 quokkas
  8 bats
  4 frilled lizards
  5 kobolds
  4 rats
126 creatures vanquished.

Vanquished Creatures (collateral kills)
  2 foxfires (D:1)
2 creatures vanquished.

Vanquished Creatures (others)
  A ball python (D:4)
  390 foxfires
  3 plants (D:1)
394 creatures vanquished.

Grand Total: 522 creatures vanquished

Notes
Turn   | Place    | Note
-------+----------+-------------------------------------------
     0 | D:1      | PriceMaster the Draconian Fire Elementalist began the quest
                  | for the Orb.
     0 | D:1      | Reached XP level 1. HP: 14/14 MP: 3/3
   100 | D:1      | Found a faded altar of an unknown god.
   111 | D:1      | Prayed at the altar of an unknown god.
   111 | D:1      | Became a worshipper of Lugonu the Unformed
   111 | D:1      | Reached * piety under Lugonu
   365 | D:1      | Reached XP level 2. HP: 6/20 MP: 1/5
   365 | D:1      | HP: 1/20 [gnoll/+0 spear (5)]
  1278 | D:1      | Reached XP level 3. HP: 26/26 MP: 2/6
  1829 | D:2      | Learned a level 2 spell: Scorch
  1990 | D:2      | Found a shimmering altar of Xom.
  2207 | D:2      | Noticed Sigmund
  2211 | D:2      | Gained mutation: Your body sometimes deteriorates upon
                  | taking damage. [potion of mutation]
  2212 | D:2      | Lost mutation: Your body sometimes deteriorates upon taking
                  | damage. [potion of mutation]
  2212 | D:2      | Gained mutation: Your system is resistant to poisons.
                  | (rPois) [potion of mutation]
  2212 | D:2      | Gained mutation: Your skin changes colour to match your
                  | surroundings (Stealth+). [potion of mutation]
  2212 | D:2      | Gained mutation: You are clumsy. (Dex -2) [potion of
                  | mutation]
  2212 | D:2      | Gained mutation: You have an increased reservoir of magic.
                  | (+10% MP) [potion of mutation]
  2320 | D:2      | Learned a level 2 spell: Momentum Strike
  2380 | D:2      | Reached XP level 4. HP: 33/33 MP: 0/8
  2569 | D:2      | Killed Sigmund
  2569 | D:2      | Reached ** piety under Lugonu
  2570 | D:2      | Reached XP level 5. HP: 38/38 MP: 0/11
  3289 | D:3      | Reached XP level 6. HP: 45/45 MP: 0/12
  3723 | D:3      | Found a sparkling altar of Nemelex Xobeh.
  4007 | D:4      | Found a stormy altar of Qazlal.
  4037 | D:4      | Found a glowing drain.
  4051 | Sewer    | Entered a sewer
  4489 | Sewer    | Reached skill level 5 in Fire Magic
  4637 | Sewer    | Reached *** piety under Lugonu
  5820 | D:4      | Found a staircase to the Ecumenical Temple.
  5849 | D:4      | Your scales start taking on a rich purple colour.
  5849 | D:4      | Reached skill level 5 in Spellcasting
  5849 | D:4      | Reached XP level 7. HP: 50/50 MP: 6/16
  6261 | D:4      | Found a basalt altar of Yredelemnul.
  6271 | D:4      | Found a glowing golden altar of the Shining One.
  6282 | D:4      | Noticed an angel
  6395 | D:5      | Entered Level 5 of the Dungeon
  6396 | D:5      | Found Amail's Weapon Emporium.
  6424 | D:5      | Found Ziaps's Antique Weapon Shoppe.
  6449 | D:5      | Found a sacrificial altar of Ru.
  6640 | D:5      | Noticed a yak
  6651 | D:5      | Killed a yak
  6652 | D:5      | Reached XP level 8. HP: 48/57 MP: 3/19
  7569 | D:5      | Found Reeshato's Armour Emporium.
  7574 | D:5      | Learned a level 3 spell: Inner Flame
  7608 | D:6      | Upgraded the game from 0.30-a0-778-g2ef04afb54 to
                  | 0.30-a0-793-g160f7cfddd
  7642 | D:6      | Noticed Edmund
  7658 | D:6      | Killed Edmund
  7972 | D:6      | Noticed Menkaure
  7977 | D:6      | Killed Menkaure
  8173 | D:6      | Noticed Blork the orc
  8178 | D:6      | Killed Blork the orc
  8251 | D:6      | Found a bloodstained altar of Trog.
  8265 | D:6      | Demolished by an ogre

Illustrated notes

Levels and vault maps discovered:
D:1:      minmay_arrival_checkered_box, layout_rooms,
          ebering_ecumenical_altar_hall, nicolae_grassy_gnolls
D:2:      layout_basic, basic_altar, uniq_sigmund
D:3:      layout_loops_cross, mainiacjoe_overflow_six_doors_small,
          minmay_close_crescents
D:4:      layout_basic, nicolae_qazlal_scattered_showers,
          grunt_temple_overflow_holy_war, minmay_temple_entry_fiery,
          serial_rivers, chequers_serial_rivers_room_a,
          chequers_serial_rivers_micro_a, chequers_serial_rivers_marsh,
          chequers_serial_rivers_micro_b, gup_sewer_entry_pipe
D:5:      layout_basic, nicolae_ru_sacrificial_ziggurat, serial_shops,
          nicolae_lakefront_shop, nicolae_shop_bloodbath_and_beyond, shop,
          minmay_chambers_of_fives
D:6:      wander_guarded_unrand_ratskin, layout_loops_ring, trog_antimagical,
          st_stairs_11, uniq_grinder, uniq_blork_the_orc, uniq_menkaure,
          uniq_duvessa, uniq_edmund

Skill      XL: |  1  2  3  4  5  6  7  8 |
---------------+-------------------------+-----
Dodging        | 2 |  2.4
Stealth        | 2 3 |  3.2
Fire Magic     | 4 5 6 7 |  7.5
Spellcasting   | 3 5 6 7 |  7.9
Conjurations   | 2 3 4 |  4.1
Fighting       | |  0.4
Short Blades   | |  0.4
Shields        | |  0.5
Translocations | |  0.5

Action                     |  1- 3 |  4- 6 |  7- 9 || total
---------------------------+-------+-------+-------++-------
  Melee: Unarmed           |     7 |       |       ||     7
         Tailslap          |     1 |     3 |       ||     4
         Punch             |     1 |       |       ||     1
         Short sword       |     2 |       |       ||     2
         Spear             |     1 |       |       ||     1
         Dagger            |       |    30 |     8 ||    38
         Dire flail        |       |       |     3 ||     3
   Cast: Foxfire           |    96 |    92 |    57 ||   245
         Scorch            |     3 |    37 |    30 ||    70
         Momentum Strike   |       |     5 |     3 ||     8
         Inner Flame       |       |       |     2 ||     2
Ability: Breathe Dispellin |       |       |     3 ||     3
    Use: Potion            |     6 |     3 |     1 ||    10
         Scroll            |     6 |     1 |       ||     7
 Armour: Skin              |     7 |    24 |     6 ||    37
  Dodge: Dodged            |    17 |    31 |    12 ||    60
  Block: Other             |       |    19 |    13 ||    32

Table legend: (Time is in decaauts)
 A = Elapsed time spent in this place.
 B = Non-inter-level travel time spent in this place.
 C = Inter-level travel time spent in this place.
 D = Time resting spent in this place.
 E = Time spent auto-exploring this place.
 F = Levels seen in this place.
 G = Mean time per level.
                   A        B        C        D        E       F      G
               +--------+--------+--------+--------+--------+-----+--------+
         Total |   8455 |   8340 |    115 |   2173 |   4896 |   7 | 1207.9 |
       Dungeon |   6949 |   6834 |    115 |   1847 |   4086 |   6 | 1158.2 |
         Sewer |   1506 |   1506 |      0 |    326 |    810 |   1 | 1506.0 |
               +--------+--------+--------+--------+--------+-----+--------+

Top non-repeatable levels by time:
     D:1: 1573 daAuts
   Sewer: 1506 daAuts
     D:2: 1252 daAuts
     D:5: 1211 daAuts
     D:3: 1171 daAuts
     D:4: 1080 daAuts
     D:6: 659 daAuts
